Pittsburgh Penguins vs Chicago Black Hawks
Created - Monday, October 28, 2024 at 07:38
Goals
|
| Pittsburgh Penguins |
2 |
2 |
0 |
4 |
| Chicago Black Hawks |
1 |
3 |
1 |
5 |
|
Shots
|
| Pittsburgh Penguins |
14 |
9 |
8 |
31 |
| Chicago Black Hawks |
11 |
11 |
12 |
34 |
|
1st period
1. Chicago Black Hawks , Chris Kreider 17 (Brayden Point 32, Sidney Crosby 36) at 4:12
2. Pittsburgh Penguins , Mitchell Marner 22 (Pavel Buchnevich 16, Leon Draisaitl 30) at 9:45
3. Pittsburgh Penguins , Leon Draisaitl 17 (Sam Reinhart 25, Pavel Buchnevich 17) at 16:50 (PP)
Penalties :
Mark Giordano (PIT) for Tripping (Minor) at 4:34, Cale Makar (CHI) for High sticking (Minor) at 16:41
2nd period
4. Chicago Black Hawks , Chris Kreider 18 (Bo Horvat 41, Cale Makar 16) at 2:17 (PP)
5. Pittsburgh Penguins , Gabriel Vilardi 11 (James van Riemsdyk 9, Mattias Ekholm 11) at 13:38
6. Chicago Black Hawks , Sidney Crosby 22 (Brayden Point 33, Brandon Hagel 20) at 16:49 (PP)
7. Chicago Black Hawks , Filip Forsberg 30 (Filip Hronek 10) at 17:19 (PP)
8. Pittsburgh Penguins , Leon Draisaitl 18 (Pavel Buchnevich 18, Erik Karlsson 22) at 19:03
Penalties :
Mark Giordano (PIT) for Interference (Minor) at 1:31, Sidney Crosby (CHI) for Slashing (Minor) at 3:47, Travis Sanheim (CHI) for Slashing (Minor) at 7:45, Bo Horvat (CHI) for Slashing (Minor) at 11:02, Blake Coleman (PIT) for Holding (Minor) at 15:52, Mark Giordano (PIT) for High sticking (Minor) at 16:52
3rd period
9. Chicago Black Hawks , Brayden Point 25 (Sidney Crosby 37, Cale Makar 17) at 5:45 (PP)
Penalties :
Leon Draisaitl (PIT) for Interference (Minor) at 0:32, Mark Giordano (PIT) for Roughing (Minor) at 5:08, Filip Forsberg (CHI) for Roughing (Minor) at 12:11, Jordan Eberle (PIT) for Roughing (Minor) at 14:36, Erik Gudbranson (PIT) for Interference (Minor) at 18:14
Goalie Stats
Jordan Binnington (PIT), 29 saves from 34 shots - (0.853), L, 25-16-4, 60:00 minutes
Adin Hill (CHI), 27 saves from 31 shots - (0.871), W, 13-5-4, 60:00 minutes
Players Stats for Pittsburgh Penguins
Player Name G A P +/- PIM S H SB GA TA FO MP PP MP PK MP
------------------------------------------------------------------------------------
Blake Coleman 0 0 0 1 2 3 2 0 0 1 0/0 15:57 4:03 0:00
Brian Dumoulin 0 0 0 0 0 1 0 1 0 0 0/0 16:30 0:00 5:04
Brock Faber 0 0 0 -1 0 1 0 1 0 0 0/0 23:08 4:26 5:04
Dylan Guenther 0 0 0 0 0 4 1 0 0 0 0/0 11:48 0:00 0:26
Erik Gudbranson 0 0 0 -1 2 1 1 0 0 1 0/0 13:02 0:00 0:00
Erik Karlsson 0 1 1 3 0 2 2 0 1 2 0/0 25:26 3:39 5:25
Gabriel Vilardi 1 0 1 1 0 3 0 0 1 1 2/5 6:32 0:00 0:00
Jake Neighbours 0 0 0 1 0 0 1 0 0 0 0/0 6:32 0:00 0:00
James van Riemsdyk 0 1 1 1 0 2 0 1 0 0 0/0 6:32 0:00 0:00
Jean-Gabriel Pageau 0 0 0 0 0 2 1 0 1 1 8/13 12:38 0:00 1:16
Jordan Eberle 0 0 0 0 2 0 0 0 0 0 0/1 11:26 0:00 0:00
Leon Draisaitl 2 1 3 0 2 6 1 0 1 2 17/25 19:12 4:02 3:29
Mark Giordano 0 0 0 0 8 1 0 0 1 2 0/0 16:24 4:26 0:00
Mattias Ekholm 0 1 1 3 0 1 2 1 1 1 0/0 25:26 3:39 5:25
Mitchell Marner 1 0 1 1 0 1 1 0 1 0 1/6 21:15 4:03 5:16
Pavel Buchnevich 0 3 3 0 0 2 2 0 2 1 1/2 21:28 4:02 6:00
Phillip Danault 0 0 0 1 0 1 0 0 0 0 3/11 15:58 4:03 0:00
Sam Reinhart 0 1 1 0 0 0 2 0 1 0 0/1 20:09 4:02 4:31
Players Stats for Chicago Black Hawks
Player Name G A P +/- PIM S H SB GA TA FO MP PP MP PK MP
------------------------------------------------------------------------------------
Alex DeBrincat 0 0 0 0 0 2 0 0 0 0 0/0 6:39 0:34 0:00
Bo Horvat 0 1 1 -1 2 5 2 0 1 0 8/20 16:37 5:01 0:00
Brandon Hagel 0 1 1 -1 0 0 1 0 0 1 0/0 20:46 4:54 3:59
Brayden Point 1 2 3 1 0 5 2 1 3 0 1/1 18:36 5:12 1:02
Cale Makar 0 2 2 0 2 3 0 1 1 0 0/0 26:20 5:39 3:44
Chris Kreider 2 0 2 1 0 3 1 1 1 0 0/0 17:13 5:17 0:00
Devon Toews 0 0 0 -1 0 0 0 2 0 1 0/0 19:40 0:00 4:21
Filip Forsberg 1 0 1 -1 2 1 1 2 2 1 0/0 16:40 5:01 0:00
Filip Hronek 0 1 1 -1 0 0 0 1 0 2 0/0 14:55 4:50 0:45
Jamie Benn 0 0 0 -2 0 1 3 0 0 0 5/10 14:32 0:00 3:17
Kevin Fiala 0 0 0 -2 0 2 0 0 1 1 0/0 11:15 0:00 0:00
Lucas Raymond 0 0 0 -2 0 5 2 0 1 0 0/1 12:03 0:16 0:15
Marcus Pettersson 0 0 0 -1 0 0 0 1 0 1 0/0 9:19 0:00 0:12
Nicholas Paul 0 0 0 0 0 0 1 0 0 1 4/6 10:01 0:00 3:46
Ryan Hartman 0 0 0 0 0 0 0 1 0 0 0/0 9:56 0:00 3:51
Seth Jones 0 0 0 0 0 1 1 0 0 1 0/0 26:53 5:39 4:12
Sidney Crosby 1 2 3 1 2 6 3 0 1 0 14/26 17:23 5:12 0:00
Travis Sanheim 0 0 0 -1 2 0 0 1 1 1 0/0 23:02 4:50 2:56
3 Stars
1 - Brayden Point (CHI)
2 - Chris Kreider (CHI)
3 - Sidney Crosby (CHI)
Power Play
Pittsburgh Penguins - 1 on 5 Attempt(s) - 20.00%
Chicago Black Hawks - 4 on 8 Attempt(s) - 50.00%
Penalty Kill
Pittsburgh Penguins - 4 on 8 Attempt(s) - 50.00%
- Score 0 goal in Penalty Kill
Chicago Black Hawks - 4 on 5 Attempt(s) - 80.00%
- Score 0 goal in Penalty Kill
Team Stat
Pittsburgh Penguins - Hits : 16 - Faceoff Wins : 32 - Blocked Shots : 4 - Penalty Minutes : 16
Chicago Black Hawks - Hits : 17 - Faceoff Wins : 32 - Blocked Shots : 11 - Penalty Minutes : 10
Official
Referees : Unknown
Linesman : Unknown
Game Notes
No Game Note
Finance
Level 1 -- Attendance: 4566 (76.10%) -- Ticket Income $456,600
Level 2 -- Attendance: 3751 (75.02%) -- Ticket Income $225,060
Level 3 -- Attendance: 2459 (81.97%) -- Ticket Income $86,065
Level 4 -- Attendance: 3833 (76.66%) -- Ticket Income $95,825
Luxury Box -- Attendance: 791 (79.10%) -- Ticket Income $158,200
Game was played at the United Center.
Total Attendance: 15400 (77.00%)
Total Ticket Income: $1,021,750
Other Income: $357,612
Total Income: $1,379,362
Pittsburgh Penguins
5 vs 5 Forward
Center Left Wing Right Wing Time % Phy DF OF
1 Leon Draisaitl Pavel Buchnevich Sam Reinhart 30 1 2 2
2 Phillip Danault Blake Coleman Mitchell Marner 30 1 2 2
3 Jean-Gabriel Pageau Dylan Guenther Jordan Eberle 25 1 2 2
4 Gabriel Vilardi Jake Neighbours James van Riemsdyk 15 1 2 2
5 vs 5 Defense
Defense Defense Time % Phy DF OF
1 Mattias Ekholm Erik Karlsson 35 1 2 2
2 Erik Gudbranson Brock Faber 35 1 2 2
3 Mark Giordano Brian Dumoulin 30 1 2 2
4 Mattias Ekholm Erik Karlsson 0 1 2 2
PowerPlay Forward
Center Left Wing Right Wing Time % Phy DF OF
1 Leon Draisaitl Pavel Buchnevich Sam Reinhart 50 1 2 2
2 Phillip Danault Blake Coleman Mitchell Marner 50 1 2 2
PowerPlay Defense
Defense Defense Time % Phy DF OF
1 Mattias Ekholm Erik Karlsson 50 1 2 2
2 Mark Giordano Brock Faber 50 1 2 2
Penalty Kill 4 Players Forward
Center Wing Time % Phy DF OF
1 Leon Draisaitl Sam Reinhart 50 1 2 2
2 Mitchell Marner Pavel Buchnevich 50 1 2 2
Penalty Kill 4 Players Defense
Defense Defense Time % Phy DF OF
1 Mattias Ekholm Erik Karlsson 50 1 2 2
2 Brian Dumoulin Brock Faber 50 1 2 2
Penalty Kill - 3 Players Forward
Forward Time % Phy DF OF
1 Leon Draisaitl 50 1 2 2
2 Sam Reinhart 50 1 2 2
Penalty Kill - 3 Players Defense
Defense Defense Time % Phy DF OF
1 Mattias Ekholm Erik Karlsson 50 1 2 2
2 Brian Dumoulin Brock Faber 50 1 2 2
4 vs 4 Forward
Center Wing Time % Phy DF OF
1 Leon Draisaitl Sam Reinhart 50 1 2 2
2 Mitchell Marner Pavel Buchnevich 50 1 2 2
4 vs 4 Defense
Defense Defense Time % Phy DF OF
1 Mattias Ekholm Erik Karlsson 50 1 2 2
2 Mark Giordano Brock Faber 50 1 2 2
Last Minutes Offensive
Center Left Wing Right Wing Defense Defense
Leon Draisaitl Pavel Buchnevich Sam Reinhart Mattias Ekholm Erik Karlsson
Last Minutes Defensive
Center Left Wing Right Wing Defense Defense
Leon Draisaitl Pavel Buchnevich Sam Reinhart Mattias Ekholm Erik Karlsson
Goaltenders
Starting : Jordan Binnington
Backup : Marc-Andre Fleury
Extra Forwards
Normal : Jake Neighbours, Jordan Eberle, Jean-Gabriel Pageau - PP : Jake Neighbours, Jordan Eberle - PK : Jean-Gabriel Pageau
Extra Defensemen
Normal : Mark Giordano, Brian Dumoulin, Erik Karlsson - PP : Mark Giordano - PK : Brian Dumoulin, Mattias Ekholm
Penalty Shots
Leon Draisaitl, Sam Reinhart, Mitchell Marner, Pavel Buchnevich, Blake Coleman
Scratches
None
Chicago Black Hawks
5 vs 5 Forward
Center Left Wing Right Wing Time % Phy DF OF
1 Sidney Crosby Chris Kreider Brayden Point 30 0 1 4
2 Bo Horvat Filip Forsberg Brandon Hagel 30 0 2 3
3 Jamie Benn Kevin Fiala Lucas Raymond 25 0 1 4
4 Nicholas Paul Alex DeBrincat Ryan Hartman 15 0 2 3
5 vs 5 Defense
Defense Defense Time % Phy DF OF
1 Cale Makar Seth Jones 36 0 3 2
2 Devon Toews Travis Sanheim 34 0 3 2
3 Marcus Pettersson Filip Hronek 20 0 4 1
4 Cale Makar Seth Jones 10 0 4 1
PowerPlay Forward
Center Left Wing Right Wing Time % Phy DF OF
1 Sidney Crosby Brandon Hagel Brayden Point 50 0 0 5
2 Bo Horvat Filip Forsberg Chris Kreider 50 0 0 5
PowerPlay Defense
Defense Defense Time % Phy DF OF
1 Cale Makar Seth Jones 50 0 1 4
2 Travis Sanheim Filip Hronek 50 0 1 4
Penalty Kill 4 Players Forward
Center Wing Time % Phy DF OF
1 Jamie Benn Ryan Hartman 50 0 5 0
2 Nicholas Paul Brandon Hagel 50 0 5 0
Penalty Kill 4 Players Defense
Defense Defense Time % Phy DF OF
1 Seth Jones Devon Toews 50 0 5 0
2 Cale Makar Travis Sanheim 50 0 5 0
Penalty Kill - 3 Players Forward
Forward Time % Phy DF OF
1 Ryan Hartman 50 0 5 0
2 Nicholas Paul 50 0 5 0
Penalty Kill - 3 Players Defense
Defense Defense Time % Phy DF OF
1 Cale Makar Seth Jones 50 0 5 0
2 Devon Toews Marcus Pettersson 50 0 5 0
4 vs 4 Forward
Center Wing Time % Phy DF OF
1 Jamie Benn Kevin Fiala 50 0 2 3
2 Nicholas Paul Alex DeBrincat 50 1 1 3
4 vs 4 Defense
Defense Defense Time % Phy DF OF
1 Devon Toews Filip Hronek 50 0 3 2
2 Marcus Pettersson Cale Makar 50 0 3 2
Last Minutes Offensive
Center Left Wing Right Wing Defense Defense
Sidney Crosby Chris Kreider Brayden Point Cale Makar Seth Jones
Last Minutes Defensive
Center Left Wing Right Wing Defense Defense
Nicholas Paul Brandon Hagel Ryan Hartman Cale Makar Seth Jones
Goaltenders
Starting : Adin Hill
Backup : Thatcher Demko
Extra Forwards
Normal : Alex DeBrincat, Lucas Raymond, Kevin Fiala - PP : Alex DeBrincat, Lucas Raymond - PK : Brandon Hagel
Extra Defensemen
Normal : Filip Hronek, Marcus Pettersson, Devon Toews - PP : Travis Sanheim - PK : Devon Toews, Filip Hronek
Penalty Shots
Lucas Raymond, Alex DeBrincat, Sidney Crosby, Brayden Point, Devon Toews
Scratches
Caleb Jones (Healthy)
% Time on Ice - Pittsburgh Penguins
Lines # - Real PCT - Wanted PCT - Time Play
Normal Forward
1 - 28% - 30% - 11:42
2 - 29% - 30% - 11:56
3 - 27% - 25% - 11:16
4 - 16% - 15% - 6:32
Normal Defense
1 - 35% - 35% - 14:36
2 - 33% - 35% - 13:38
3 - 28% - 30% - 11:26
4 - 4% - 0% - 1:46
PP Forward
1 - 50% - 50% - 4:02
2 - 50% - 50% - 4:03
PP Defense
1 - 45% - 50% - 3:39
2 - 55% - 50% - 4:26
PK Forward
1 - 47% - 50% - 4:57
2 - 53% - 50% - 5:32
PK Defense
1 - 52% - 50% - 5:25
2 - 48% - 50% - 5:04
PK3 Forward
1 - 0% - 50%
2 - 0% - 50%
PK3 Defense
1 - 0% - 50%
2 - 0% - 50%
44 Forward
1 - 0% - 50%
2 - 0% - 50%
44 Defense
1 - 0% - 50%
2 - 0% - 50%
Last Minute Offensive - 0:00
Last Minute Defensive - 0:00
Total
Forward - 60:00
Defense - 60:00
|
% Time on Ice - Chicago Black Hawks
Lines # - Real PCT - Wanted PCT - Time Play
Normal Forward
1 - 29% - 30% - 12:13
2 - 29% - 30% - 11:53
3 - 27% - 25% - 11:15
4 - 15% - 15% - 6:05
Normal Defense
1 - 38% - 36% - 15:42
2 - 38% - 34% - 15:43
3 - 21% - 20% - 8:41
4 - 3% - 10% - 1:20
PP Forward
1 - 50% - 50% - 5:12
2 - 50% - 50% - 5:17
PP Defense
1 - 54% - 50% - 5:39
2 - 46% - 50% - 4:50
PK Forward
1 - 49% - 50% - 4:00
2 - 51% - 50% - 4:05
PK Defense
1 - 52% - 50% - 4:12
2 - 48% - 50% - 3:53
PK3 Forward
1 - 0% - 50%
2 - 0% - 50%
PK3 Defense
1 - 0% - 50%
2 - 0% - 50%
44 Forward
1 - 0% - 50%
2 - 0% - 50%
44 Defense
1 - 0% - 50%
2 - 0% - 50%
Last Minute Offensive - 0:00
Last Minute Defensive - 0:00
Total
Forward - 60:00
Defense - 60:00
|
Play-by-Play
1st period
0:01 of 1st period - Sidney Crosby wins face-off versus Sam Reinhart in neutral zone.
0:26 of 1st period - Cale Makar is hit by Mattias Ekholm and loses puck.
0:46 of 1st period - Snap shot by Dylan Guenther.
0:46 of 1st period - Stopped by Adin Hill with a rebound.
0:54 of 1st period - Snap shot by Jean-Gabriel Pageau.
0:54 of 1st period - Deflect By Lucas Raymond.
0:54 of 1st period - Shot Misses the Net.
0:54 of 1st period - Puck is out of play.
0:55 of 1st period - Nicholas Paul wins face-off versus Gabriel Vilardi in Chicago Black Hawks zone.
1:02 of 1st period - Snap shot by Alex DeBrincat.
1:02 of 1st period - Stopped by Jordan Binnington without a rebound.
1:03 of 1st period - Nicholas Paul wins face-off versus Gabriel Vilardi in Pittsburgh Penguins zone.
1:06 of 1st period - Backhand shot by Alex DeBrincat.
1:06 of 1st period - Shot Blocked by James van Riemsdyk.
1:14 of 1st period - Slapshot by James van Riemsdyk.
1:14 of 1st period - Stopped by Adin Hill with a rebound.
1:16 of 1st period - Slapshot by Erik Gudbranson.
1:16 of 1st period - Deflect By Nicholas Paul.
1:16 of 1st period - Stopped by Adin Hill without a rebound.
1:17 of 1st period - Jean-Gabriel Pageau wins face-off versus Jamie Benn in Chicago Black Hawks zone.
1:42 of 1st period - Blake Coleman is hit by Bo Horvat and loses puck.
1:47 of 1st period - Wrist shot by Filip Forsberg.
1:47 of 1st period - Shot Misses the Net.
1:53 of 1st period - Wrist shot by Phillip Danault.
1:53 of 1st period - Shot Blocked by Devon Toews.
1:55 of 1st period - Snap shot by Blake Coleman.
1:55 of 1st period - Stopped by Adin Hill without a rebound.
1:56 of 1st period - Leon Draisaitl wins face-off versus Sidney Crosby in Chicago Black Hawks zone.
3:00 of 1st period - Slapshot by Filip Forsberg.
3:00 of 1st period - Deflect By Bo Horvat.
3:00 of 1st period - Stopped by Jordan Binnington with a rebound.
3:24 of 1st period - Snap shot by Bo Horvat.
3:24 of 1st period - Stopped by Jordan Binnington with a rebound.
3:26 of 1st period - Slapshot by Seth Jones.
3:26 of 1st period - Stopped by Jordan Binnington with a rebound.
4:08 of 1st period - Wrist shot by Bo Horvat.
4:08 of 1st period - Stopped by Jordan Binnington without a rebound.
4:09 of 1st period - Sidney Crosby wins face-off versus Leon Draisaitl in Pittsburgh Penguins zone.
4:10 of 1st period - Snap shot by Brayden Point.
4:10 of 1st period - Shot Blocked by Brock Faber.
4:12 of 1st period - Slapshot by Chris Kreider.
4:12 of 1st period - Goal by Chris Kreider - Pittsburgh Penguins : 0 - Chicago Black Hawks : 1.
4:13 of 1st period - Jamie Benn wins face-off versus Leon Draisaitl in neutral zone.
4:22 of 1st period - Wrist shot by Lucas Raymond.
4:22 of 1st period - Stopped by Jordan Binnington with a rebound.
4:28 of 1st period - Wrist shot by Lucas Raymond.
4:28 of 1st period - Stopped by Jordan Binnington with a rebound.
4:34 of 1st period - Minor Penalty to Mark Giordano for Tripping.
4:35 of 1st period - Sidney Crosby wins face-off versus Leon Draisaitl in Pittsburgh Penguins zone.
6:34 of 1st period - Penalty to Mark Giordano is over, Mark Giordano is back on ice.
9:03 of 1st period - Erik Karlsson is hit by Bo Horvat and loses puck.
9:31 of 1st period - Snap shot by Pavel Buchnevich.
9:31 of 1st period - Stopped by Adin Hill with a rebound.
9:45 of 1st period - Wrist shot by Mitchell Marner.
9:45 of 1st period - Goal by Mitchell Marner - Pittsburgh Penguins : 1 - Chicago Black Hawks : 1.
9:46 of 1st period - Leon Draisaitl wins face-off versus Sidney Crosby in neutral zone.
9:49 of 1st period - Travis Sanheim is hit by Leon Draisaitl and loses puck.
10:02 of 1st period - Snap shot by Sidney Crosby.
10:02 of 1st period - Stopped by Jordan Binnington with a rebound.
10:34 of 1st period - Leon Draisaitl is hit by Brandon Hagel and loses puck.
11:19 of 1st period - Wrist shot by Pavel Buchnevich.
11:19 of 1st period - Stopped by Adin Hill with a rebound.
11:21 of 1st period - Wrist shot by Sam Reinhart.
11:21 of 1st period - Shot Misses the Net.
11:23 of 1st period - Slapshot by Mattias Ekholm.
11:23 of 1st period - Stopped by Adin Hill with a rebound.
11:25 of 1st period - Wrist shot by Leon Draisaitl.
11:25 of 1st period - Shot Hit the Post.
11:41 of 1st period - Filip Hronek is hit by Sam Reinhart and loses puck.
12:08 of 1st period - Slapshot by Leon Draisaitl.
12:08 of 1st period - Stopped by Adin Hill without a rebound.
12:09 of 1st period - Jean-Gabriel Pageau wins face-off versus Sidney Crosby in Chicago Black Hawks zone.
12:10 of 1st period - Wrist shot by Dylan Guenther.
12:10 of 1st period - Shot Misses the Net.
12:12 of 1st period - Snap shot by Jordan Eberle.
12:12 of 1st period - Shot Misses the Net.
12:14 of 1st period - Slapshot by Mark Giordano.
12:14 of 1st period - Stopped by Adin Hill without a rebound.
12:15 of 1st period - Jean-Gabriel Pageau wins face-off versus Sidney Crosby in Chicago Black Hawks zone.
12:22 of 1st period - Slapshot by Dylan Guenther.
12:22 of 1st period - Stopped by Adin Hill with a rebound.
12:26 of 1st period - Wrist shot by Jean-Gabriel Pageau.
12:26 of 1st period - Shot Misses the Net.
12:28 of 1st period - Slapshot by Brian Dumoulin.
12:28 of 1st period - Stopped by Adin Hill without a rebound.
12:29 of 1st period - Sidney Crosby wins face-off versus Jean-Gabriel Pageau in Chicago Black Hawks zone.
15:59 of 1st period - Snap shot by Kevin Fiala.
15:59 of 1st period - Stopped by Jordan Binnington with a rebound.
16:18 of 1st period - Slapshot by Phillip Danault.
16:18 of 1st period - Shot Blocked by Ryan Hartman.
16:38 of 1st period - Snap shot by Jean-Gabriel Pageau.
16:38 of 1st period - Deflect By Dylan Guenther.
16:38 of 1st period - Shot Blocked by Chris Kreider.
16:38 of 1st period - Puck is out of play.
16:39 of 1st period - Sidney Crosby wins face-off versus Jean-Gabriel Pageau in Chicago Black Hawks zone.
16:41 of 1st period - Minor Penalty to Cale Makar for High sticking.
16:42 of 1st period - Leon Draisaitl wins face-off versus Jamie Benn in Chicago Black Hawks zone.
16:50 of 1st period - Snap shot by Leon Draisaitl.
16:50 of 1st period - Goal by Leon Draisaitl - Pittsburgh Penguins : 2 - Chicago Black Hawks : 1.
16:51 of 1st period - Jean-Gabriel Pageau wins face-off versus Sidney Crosby in neutral zone.
16:56 of 1st period - Snap shot by Jean-Gabriel Pageau.
16:56 of 1st period - Stopped by Adin Hill with a rebound.
17:40 of 1st period - Slapshot by Leon Draisaitl.
17:40 of 1st period - Shot Misses the Net.
17:42 of 1st period - Slapshot by Erik Karlsson.
17:42 of 1st period - Shot Blocked by Devon Toews.
17:44 of 1st period - Backhand shot by Erik Karlsson.
17:44 of 1st period - Shot Misses the Net.
17:46 of 1st period - Slapshot by Pavel Buchnevich.
17:46 of 1st period - Shot Misses the Net.
17:50 of 1st period - Wrist shot by Sam Reinhart.
17:50 of 1st period - Shot Blocked by Travis Sanheim.
19:29 of 1st period - Sidney Crosby is hit by Jake Neighbours and loses puck.
19:54 of 1st period - Wrist shot by Jamie Benn.
19:54 of 1st period - Stopped by Jordan Binnington without a rebound.
19:55 of 1st period - Phillip Danault wins face-off versus Bo Horvat in Pittsburgh Penguins zone.
19:55 of 1st period - Phillip Danault is hit by Filip Forsberg.
Goals for this period are 2 for Pittsburgh Penguins vs 1 for Chicago Black Hawks.
Shots for this period are 14 for Pittsburgh Penguins vs 11 for Chicago Black Hawks.
2nd period
0:01 of 2nd period - Phillip Danault wins face-off versus Sidney Crosby in neutral zone.
0:14 of 2nd period - Brock Faber is hit by Chris Kreider and loses puck.
0:29 of 2nd period - Slapshot by Dylan Guenther.
0:29 of 2nd period - Stopped by Adin Hill without a rebound.
0:30 of 2nd period - Jean-Gabriel Pageau wins face-off versus Jamie Benn in Chicago Black Hawks zone.
0:56 of 2nd period - Mattias Ekholm is hit by Lucas Raymond and loses puck.
1:05 of 2nd period - Wrist shot by Jamie Benn.
1:05 of 2nd period - Shot Misses the Net.
1:07 of 2nd period - Slapshot by Seth Jones.
1:07 of 2nd period - Deflect By Kevin Fiala.
1:07 of 2nd period - Shot Misses the Net.
1:07 of 2nd period - Puck is out of play.
1:08 of 2nd period - Sidney Crosby wins face-off versus Phillip Danault in Pittsburgh Penguins zone.
1:31 of 2nd period - Minor Penalty to Mark Giordano for Interference.
1:32 of 2nd period - Bo Horvat wins face-off versus Mitchell Marner in Pittsburgh Penguins zone.
1:59 of 2nd period - Bo Horvat is hit by Erik Karlsson.
2:17 of 2nd period - Snap shot by Chris Kreider.
2:17 of 2nd period - Goal by Chris Kreider - Pittsburgh Penguins : 2 - Chicago Black Hawks : 2.
2:18 of 2nd period - Jamie Benn wins face-off versus Jordan Eberle in neutral zone.
2:21 of 2nd period - Slapshot by Lucas Raymond.
2:21 of 2nd period - Deflect By Kevin Fiala.
2:21 of 2nd period - Shot Misses the Net.
2:21 of 2nd period - Puck is out of play.
2:22 of 2nd period - Jean-Gabriel Pageau wins face-off versus Jamie Benn in Pittsburgh Penguins zone.
2:22 of 2nd period - Jean-Gabriel Pageau is hit by Jamie Benn.
3:32 of 2nd period - Off-side.
3:33 of 2nd period - Leon Draisaitl wins face-off versus Sidney Crosby in neutral zone.
3:47 of 2nd period - Minor Penalty to Sidney Crosby for Slashing.
3:48 of 2nd period - Nicholas Paul wins face-off versus Phillip Danault in Chicago Black Hawks zone.
5:04 of 2nd period - Mark Giordano is hit by Brayden Point and loses puck.
5:47 of 2nd period - Penalty to Sidney Crosby is over, Sidney Crosby is back on ice.
5:49 of 2nd period - Seth Jones is hit by Pavel Buchnevich and loses puck.
6:16 of 2nd period - Icing by Marcus Pettersson.
6:17 of 2nd period - Jamie Benn wins face-off versus Jean-Gabriel Pageau in Chicago Black Hawks zone.
6:38 of 2nd period - Lucas Raymond is hit by Jean-Gabriel Pageau and loses puck.
7:35 of 2nd period - Wrist shot by Jamie Benn.
7:35 of 2nd period - Shot Misses the Net.
7:37 of 2nd period - Snap shot by Lucas Raymond.
7:37 of 2nd period - Stopped by Jordan Binnington without a rebound.
7:38 of 2nd period - Mitchell Marner wins face-off versus Sidney Crosby in Pittsburgh Penguins zone.
7:42 of 2nd period - Off-side.
7:43 of 2nd period - Sidney Crosby wins face-off versus Phillip Danault in neutral zone.
7:45 of 2nd period - Minor Penalty to Travis Sanheim for Slashing.
7:46 of 2nd period - Nicholas Paul wins face-off versus Phillip Danault in Chicago Black Hawks zone.
9:45 of 2nd period - Penalty to Travis Sanheim is over, Travis Sanheim is back on ice.
9:53 of 2nd period - Wrist shot by Lucas Raymond.
9:53 of 2nd period - Stopped by Jordan Binnington with a rebound.
9:55 of 2nd period - Wrist shot by Brayden Point.
9:55 of 2nd period - Stopped by Jordan Binnington without a rebound.
9:56 of 2nd period - Sidney Crosby wins face-off versus Gabriel Vilardi in Pittsburgh Penguins zone.
10:17 of 2nd period - Chris Kreider is hit by Erik Karlsson and loses puck.
10:26 of 2nd period - Snap shot by Gabriel Vilardi.
10:26 of 2nd period - Stopped by Adin Hill with a rebound.
10:32 of 2nd period - Snap shot by Gabriel Vilardi.
10:32 of 2nd period - Stopped by Adin Hill with a rebound.
10:42 of 2nd period - Snap shot by Brayden Point.
10:42 of 2nd period - Deflect By James van Riemsdyk.
10:42 of 2nd period - Shot Misses the Net.
10:42 of 2nd period - Puck is out of play.
10:43 of 2nd period - Bo Horvat wins face-off versus Phillip Danault in Pittsburgh Penguins zone.
11:02 of 2nd period - Minor Penalty to Bo Horvat for Slashing.
11:03 of 2nd period - Leon Draisaitl wins face-off versus Nicholas Paul in Chicago Black Hawks zone.
12:59 of 2nd period - Brandon Hagel is hit by Blake Coleman and loses puck.
13:02 of 2nd period - Penalty to Bo Horvat is over, Bo Horvat is back on ice.
13:14 of 2nd period - Wrist shot by Brayden Point.
13:14 of 2nd period - Shot Misses the Net.
13:20 of 2nd period - Slapshot by Brock Faber.
13:20 of 2nd period - Stopped by Adin Hill without a rebound.
13:21 of 2nd period - Gabriel Vilardi wins face-off versus Jamie Benn in Chicago Black Hawks zone.
13:24 of 2nd period - Snap shot by Erik Karlsson.
13:24 of 2nd period - Stopped by Adin Hill without a rebound.
13:25 of 2nd period - Gabriel Vilardi wins face-off versus Lucas Raymond in Chicago Black Hawks zone.
13:28 of 2nd period - Snap shot by James van Riemsdyk.
13:28 of 2nd period - Stopped by Adin Hill with a rebound.
13:36 of 2nd period - Slapshot by James van Riemsdyk.
13:36 of 2nd period - Shot Blocked by Marcus Pettersson.
13:38 of 2nd period - Slapshot by James van Riemsdyk.
13:38 of 2nd period - Deflect By Gabriel Vilardi.
13:38 of 2nd period - Goal by Gabriel Vilardi - Pittsburgh Penguins : 3 - Chicago Black Hawks : 2.
13:39 of 2nd period - Leon Draisaitl wins face-off versus Bo Horvat in neutral zone.
14:11 of 2nd period - Wrist shot by Blake Coleman.
14:11 of 2nd period - Stopped by Adin Hill with a rebound.
15:52 of 2nd period - Minor Penalty to Blake Coleman for Holding.
15:53 of 2nd period - Brayden Point wins face-off versus Leon Draisaitl in Pittsburgh Penguins zone.
16:02 of 2nd period - Slapshot by Brayden Point.
16:02 of 2nd period - Stopped by Jordan Binnington without a rebound.
16:03 of 2nd period - Leon Draisaitl wins face-off versus Sidney Crosby in Pittsburgh Penguins zone.
16:14 of 2nd period - Pavel Buchnevich is hit by Sidney Crosby.
16:47 of 2nd period - Snap shot by Sidney Crosby.
16:47 of 2nd period - Stopped by Jordan Binnington with a rebound.
16:49 of 2nd period - Snap shot by Sidney Crosby.
16:49 of 2nd period - Goal by Sidney Crosby - Pittsburgh Penguins : 3 - Chicago Black Hawks : 3.
16:50 of 2nd period - Jean-Gabriel Pageau wins face-off versus Nicholas Paul in neutral zone.
16:52 of 2nd period - Minor Penalty to Mark Giordano for High sticking.
16:53 of 2nd period - Leon Draisaitl wins face-off versus Bo Horvat in Pittsburgh Penguins zone.
17:03 of 2nd period - Wrist shot by Chris Kreider.
17:03 of 2nd period - Stopped by Jordan Binnington without a rebound.
17:04 of 2nd period - Leon Draisaitl wins face-off versus Bo Horvat in Pittsburgh Penguins zone.
17:19 of 2nd period - Wrist shot by Filip Forsberg.
17:19 of 2nd period - Goal by Filip Forsberg - Pittsburgh Penguins : 3 - Chicago Black Hawks : 4.
17:20 of 2nd period - Leon Draisaitl wins face-off versus Bo Horvat in neutral zone.
17:28 of 2nd period - Slapshot by Cale Makar.
17:28 of 2nd period - Shot Misses the Net.
17:30 of 2nd period - Slapshot by Cale Makar.
17:30 of 2nd period - Stopped by Jordan Binnington without a rebound.
17:31 of 2nd period - Bo Horvat wins face-off versus Leon Draisaitl in Pittsburgh Penguins zone.
17:38 of 2nd period - Bo Horvat is hit by Pavel Buchnevich and loses puck.
18:31 of 2nd period - Filip Hronek is hit by Dylan Guenther and loses puck.
18:51 of 2nd period - Snap shot by Alex DeBrincat.
18:51 of 2nd period - Stopped by Jordan Binnington without a rebound.
18:52 of 2nd period - Bo Horvat wins face-off versus Leon Draisaitl in Pittsburgh Penguins zone.
19:03 of 2nd period - Snap shot by Leon Draisaitl.
19:03 of 2nd period - Goal by Leon Draisaitl - Pittsburgh Penguins : 4 - Chicago Black Hawks : 4.
19:04 of 2nd period - Phillip Danault wins face-off versus Bo Horvat in neutral zone.
19:07 of 2nd period - Brandon Hagel is hit by Blake Coleman and loses puck.
19:33 of 2nd period - Wrist shot by Pavel Buchnevich.
19:33 of 2nd period - Shot Misses the Net.
19:35 of 2nd period - Slapshot by Leon Draisaitl.
19:35 of 2nd period - Deflect By Sam Reinhart.
19:35 of 2nd period - Shot Misses the Net.
19:35 of 2nd period - Puck is out of play.
19:36 of 2nd period - Pavel Buchnevich wins face-off versus Sidney Crosby in Chicago Black Hawks zone.
Goals for this period are 2 for Pittsburgh Penguins vs 3 for Chicago Black Hawks.
Shots for this period are 9 for Pittsburgh Penguins vs 11 for Chicago Black Hawks.
3rd period
0:01 of 3rd period - Bo Horvat wins face-off versus Phillip Danault in neutral zone.
0:26 of 3rd period - Chris Kreider is hit by Mattias Ekholm and loses puck.
0:32 of 3rd period - Minor Penalty to Leon Draisaitl for Interference.
0:33 of 3rd period - Sidney Crosby wins face-off versus Jean-Gabriel Pageau in Pittsburgh Penguins zone.
0:59 of 3rd period - Snap shot by Pavel Buchnevich.
0:59 of 3rd period - Shot Blocked by Filip Forsberg.
1:19 of 3rd period - Mattias Ekholm is hit by Sidney Crosby.
2:32 of 3rd period - Penalty to Leon Draisaitl is over, Leon Draisaitl is back on ice.
4:01 of 3rd period - Brian Dumoulin is hit by Lucas Raymond and loses puck.
4:08 of 3rd period - Brock Faber is hit by Jamie Benn and loses puck.
4:28 of 3rd period - Devon Toews is hit by Erik Gudbranson and loses puck.
4:49 of 3rd period - Slapshot by Lucas Raymond.
4:49 of 3rd period - Stopped by Jordan Binnington without a rebound.
4:50 of 3rd period - Leon Draisaitl wins face-off versus Sidney Crosby in Pittsburgh Penguins zone.
5:05 of 3rd period - Wrist shot by Sidney Crosby.
5:05 of 3rd period - Stopped by Jordan Binnington without a rebound.
5:06 of 3rd period - Jean-Gabriel Pageau wins face-off versus Bo Horvat in Pittsburgh Penguins zone.
5:08 of 3rd period - Minor Penalty to Mark Giordano for Roughing.
5:09 of 3rd period - Sidney Crosby wins face-off versus Mitchell Marner in Pittsburgh Penguins zone.
5:13 of 3rd period - Snap shot by Sidney Crosby.
5:13 of 3rd period - Stopped by Jordan Binnington without a rebound.
5:14 of 3rd period - Sidney Crosby wins face-off versus Mitchell Marner in Pittsburgh Penguins zone.
5:45 of 3rd period - Snap shot by Brayden Point.
5:45 of 3rd period - Goal by Brayden Point - Pittsburgh Penguins : 4 - Chicago Black Hawks : 5.
5:46 of 3rd period - Leon Draisaitl wins face-off versus Bo Horvat in neutral zone.
5:51 of 3rd period - Wrist shot by Bo Horvat.
5:51 of 3rd period - Stopped by Jordan Binnington with a rebound.
6:12 of 3rd period - Phillip Danault is hit by Brayden Point and loses puck.
8:38 of 3rd period - Wrist shot by Kevin Fiala.
8:38 of 3rd period - Stopped by Jordan Binnington with a rebound.
8:54 of 3rd period - Wrist shot by Bo Horvat.
8:54 of 3rd period - Stopped by Jordan Binnington without a rebound.
8:55 of 3rd period - Leon Draisaitl wins face-off versus Bo Horvat in Pittsburgh Penguins zone.
9:31 of 3rd period - Snap shot by Blake Coleman.
9:31 of 3rd period - Stopped by Adin Hill without a rebound.
9:32 of 3rd period - Leon Draisaitl wins face-off versus Sidney Crosby in Chicago Black Hawks zone.
9:49 of 3rd period - Snap shot by Pavel Buchnevich.
9:49 of 3rd period - Deflect By Leon Draisaitl.
9:49 of 3rd period - Shot Blocked by Filip Hronek.
9:49 of 3rd period - Puck is out of play.
9:50 of 3rd period - Bo Horvat wins face-off versus Phillip Danault in Chicago Black Hawks zone.
9:57 of 3rd period - Icing by Mattias Ekholm.
9:58 of 3rd period - Bo Horvat wins face-off versus Mitchell Marner in Pittsburgh Penguins zone.
10:09 of 3rd period - Slapshot by Bo Horvat.
10:09 of 3rd period - Shot Blocked by Mattias Ekholm.
10:11 of 3rd period - Slapshot by Cale Makar.
10:11 of 3rd period - Stopped by Jordan Binnington with a rebound.
10:13 of 3rd period - Snap shot by Cale Makar.
10:13 of 3rd period - Deflect By Phillip Danault.
10:13 of 3rd period - Stopped by Jordan Binnington without a rebound.
10:14 of 3rd period - Sidney Crosby wins face-off versus Leon Draisaitl in Pittsburgh Penguins zone.
10:29 of 3rd period - Slapshot by Pavel Buchnevich.
10:29 of 3rd period - Shot Misses the Net.
10:31 of 3rd period - Slapshot by Leon Draisaitl.
10:31 of 3rd period - Stopped by Adin Hill without a rebound.
10:32 of 3rd period - Bo Horvat wins face-off versus Phillip Danault in Chicago Black Hawks zone.
10:59 of 3rd period - Seth Jones is hit by Sam Reinhart and loses puck.
11:08 of 3rd period - Leon Draisaitl is hit by Sidney Crosby.
11:58 of 3rd period - Slapshot by Jean-Gabriel Pageau.
11:58 of 3rd period - Stopped by Adin Hill with a rebound.
12:06 of 3rd period - Snap shot by Dylan Guenther.
12:06 of 3rd period - Stopped by Adin Hill with a rebound.
12:11 of 3rd period - Minor Penalty to Filip Forsberg for Roughing.
12:12 of 3rd period - Jamie Benn wins face-off versus Pavel Buchnevich in Chicago Black Hawks zone.
13:27 of 3rd period - Mattias Ekholm is hit by Jamie Benn and loses puck.
14:11 of 3rd period - Penalty to Filip Forsberg is over, Filip Forsberg is back on ice.
14:22 of 3rd period - Snap shot by Brayden Point.
14:22 of 3rd period - Shot Misses the Net.
14:24 of 3rd period - Wrist shot by Cale Makar.
14:24 of 3rd period - Shot Misses the Net.
14:26 of 3rd period - Slapshot by Brayden Point.
14:26 of 3rd period - Shot Misses the Net.
14:36 of 3rd period - Minor Penalty to Jordan Eberle for Roughing.
14:37 of 3rd period - Leon Draisaitl wins face-off versus Bo Horvat in Pittsburgh Penguins zone.
14:44 of 3rd period - Wrist shot by Leon Draisaitl.
14:44 of 3rd period - Stopped by Adin Hill with a rebound.
15:07 of 3rd period - Icing by Sidney Crosby.
15:08 of 3rd period - Sidney Crosby wins face-off versus Mitchell Marner in Chicago Black Hawks zone.
15:35 of 3rd period - Wrist shot by Brayden Point.
15:35 of 3rd period - Stopped by Jordan Binnington with a rebound.
15:37 of 3rd period - Wrist shot by Brayden Point.
15:37 of 3rd period - Stopped by Jordan Binnington without a rebound.
15:38 of 3rd period - Leon Draisaitl wins face-off versus Bo Horvat in Pittsburgh Penguins zone.
15:44 of 3rd period - Slapshot by Brian Dumoulin.
15:44 of 3rd period - Shot Blocked by Filip Forsberg.
15:46 of 3rd period - Snap shot by Leon Draisaitl.
15:46 of 3rd period - Stopped by Adin Hill without a rebound.
15:47 of 3rd period - Leon Draisaitl wins face-off versus Bo Horvat in Chicago Black Hawks zone.
16:36 of 3rd period - Penalty to Jordan Eberle is over, Jordan Eberle is back on ice.
16:46 of 3rd period - Wrist shot by Sidney Crosby.
16:46 of 3rd period - Stopped by Jordan Binnington without a rebound.
16:47 of 3rd period - Jamie Benn wins face-off versus Jean-Gabriel Pageau in Pittsburgh Penguins zone.
17:12 of 3rd period - Brian Dumoulin is hit by Nicholas Paul and loses puck.
17:19 of 3rd period - Slapshot by Cale Makar.
17:19 of 3rd period - Shot Misses the Net.
17:21 of 3rd period - Wrist shot by Seth Jones.
17:21 of 3rd period - Shot Misses the Net.
18:04 of 3rd period - Wrist shot by Phillip Danault.
18:04 of 3rd period - Stopped by Adin Hill with a rebound.
18:14 of 3rd period - Minor Penalty to Erik Gudbranson for Interference.
18:15 of 3rd period - Sidney Crosby wins face-off versus Leon Draisaitl in Pittsburgh Penguins zone.
18:21 of 3rd period - Erik Karlsson is hit by Seth Jones and loses puck.
18:24 of 3rd period - Slapshot by Erik Karlsson.
18:24 of 3rd period - Shot Blocked by Cale Makar.
18:26 of 3rd period - Slapshot by Erik Karlsson.
18:26 of 3rd period - Shot Blocked by Brayden Point.
18:28 of 3rd period - Slapshot by Erik Karlsson.
18:28 of 3rd period - Stopped by Adin Hill with a rebound.
18:49 of 3rd period - Snap shot by Bo Horvat.
18:49 of 3rd period - Shot Blocked by Brian Dumoulin.
19:07 of 3rd period - Filip Hronek is hit by Mitchell Marner and loses puck.
Goals for this period are 0 for Pittsburgh Penguins vs 1 for Chicago Black Hawks.
Shots for this period are 8 for Pittsburgh Penguins vs 12 for Chicago Black Hawks.
Back to the Top